 Dungeon Crawl Stone Soup version 0.21-a0-538-gd16b88a (webtiles) character file.

2195 theanonym the Spear-Bearer (level 9, -11/72 HPs)
             Began as a Demonspawn Fighter on Dec 15, 2017.
             Was a Follower of Kikubaaqudgha.
             Engulfed by a cloud of flame (18 damage)
             ... on level 7 of the Dungeon.
             The game lasted 00:21:07 (10387 turns).

theanonym the Spear-Bearer (Demonspawn Fighter)    Turns: 10387, Time: 00:21:08

Health: -11/72     AC: 14    Str: 18    XL:     9   Next: 12%
Magic:  9/9        EV:  4    Int: 10    God:    Kikubaaqudgha [*.....]
Gold:   309        SH:  8    Dex: 14    Spells: 8/8 levels left

rFire    . . .     SeeInvis .   a - +1 trident
rCold    + . .     Gourm    .   B - +0 shield (curse)
rNeg     . . .     Faith    .   D - +0 plate armour {18}
rPois    .         Spirit   .   (helmet restricted)
rElec    .         Reflect  .   (no cloak)
rCorr    .         Harm     .   q - +0 pair of gloves
MR       .....                  h - +0 pair of boots
Stlth    ..........             (no amulet)
HPRegen  0.22/turn              j - ring of protection from cold {rC+}
MPRegen  0.11/turn              m - +2 ring of evasion

@: drained
A: antennae 2, thin metallic scales 1, nightstalker 1
a: Receive Corpses, Renounce Religion


Innate Abilities, Weirdness & Mutations

You have a pair of antennae on your head.
You are partially covered in thin metallic scales. (AC +2)
You are slightly more attuned to the shadows.


   Skills:
 + Level 7.6(6.5) Fighting
 * Level 9.3(8.1) Polearms
 - Level 2.6(1.7) Armour
 - Level 2.6(1.7) Shields


You had 8 spell levels left.
You didn't know any spells.

Skill      XL: |  1  2  3  4  5  6  7  8 |
---------------+-------------------------+-----
Polearms       | 2 3 4 5 7 9 |  9.3
Fighting       | 4 5 6 7 |  7.6
Armour         | |  2.6
Shields        | |  2.6

Action                   |  1- 3 |  4- 6 |  7- 9 || total
-------------------------+-------+-------+-------++-------
Melee: Trident           |   113 |   341 |   437 ||   891
 Fire: Hunting sling     |       |    27 |     7 ||    34
Evoke: Wand              |       |       |     1 ||     1
  Use: Scroll            |       |    11 |     9 ||    20
       Potion            |       |     4 |     2 ||     6
 Stab: Sleeping          |       |     2 |       ||     2
       Paralysed         |       |     2 |       ||     2
       Invisible         |       |     1 |       ||     1
  Eat: Chunk             |     2 |    11 |     1 ||    14
       Royal jelly       |       |     1 |       ||     1
       Meat ration       |       |     1 |     2 ||     3
Armor: Scale mail        |    36 |   114 |     1 ||   151
       Plate armour      |       |       |   178 ||   178
Dodge: Dodged            |    32 |   109 |    51 ||   192
Block: Shield            |    40 |   145 |   159 ||   344

Inventory:

Hand Weapons
 a - a +1 trident (weapon)
 b - a +0 hunting sling
   (You found it on level 1 of the Dungeon)
Missiles
 l - 217 stones (quivered)
 p - 88 sling bullets
Armour
 h - a +0 pair of boots (worn)
   (You found it on level 1 of the Dungeon)
 k - a +0 chain mail
   (You took it off an orc on level 4 of the Dungeon)
 q - a +0 pair of gloves (worn)
   (You found it on level 5 of the Dungeon)
 B - a cursed +0 shield (worn)
   (You found it on level 5 of the Dungeon)
 D - a +0 plate armour (worn) {18}
   (You took it off an orc warrior on level 4 of the Dungeon)
Jewellery
 j - a ring of protection from cold (left hand) {rC+}
   (You found it on level 1 of the Dungeon)
 m - a +2 ring of evasion (right hand)
   (You found it on level 1 of the Dungeon)
 u - a +4 ring of intelligence
   (You found it on level 2 of the Dungeon)
Wands
 v - a wand of acid (2)
   (You found it on level 4 of the Dungeon)
 K - a wand of paralysis (30)
   (You found it on level 6 of the Dungeon)
Scrolls
 g - a scroll of enchant weapon
 n - 2 scrolls of random uselessness {unknown}
 t - 5 scrolls of teleportation {!r}
 x - a scroll of enchant armour
 A - 2 scrolls of magic mapping {unknown}
 C - 2 scrolls of remove curse
Potions
 d - a potion of might
 i - a potion of brilliance
 o - 5 potions of berserk rage {!q}
 s - a potion of mutation
 w - a potion of degeneration
 z - a potion of cancellation
 F - a potion of haste
 I - 2 potions of agility
 J - a potion of lignification {unknown}
 M - a potion of curing {unknown}
Books
 L - Kikubaaqudgha's Incunabulum of Dark Arts {god gift}
   (Kikubaaqudgha gifted it to you on level 6 of the Dungeon)

   Spells                             Type                      Level
   a - Animate Skeleton               Necromancy                   1
   b - Corpse Rot                     Necromancy                   2
   c - Sublimation of Blood           Necromancy                   2
   d - Vampiric Draining              Necromancy                   3
   e - Control Undead                 Necromancy                   4
Comestibles
 e - a meat ration
 f - 6 bread rations


You were on level 7 of the Dungeon.
You worshipped Kikubaaqudgha.
Kikubaaqudgha was aware of your devotion.
You were not hungry.

You visited 2 branches of the dungeon, and saw 8 of its levels.

You collected 309 gold pieces.

Dungeon Overview and Level Annotations

Branches:
Dungeon (7/15)             Temple (1/1) D:4

Altars:
Ashenzari
Cheibriados
Hepliaklqana
Kikubaaqudgha
Nemelex Xobeh
Ru
Trog
Uskayaw
Vehumet
Xom
Yredelemnul
Zin

Annotations:
D:3 esteth's ghost, amateur DsAK
D:7 tidbits's ghost, novice GnEE


Message History

No target in view!
No target in view!
No target in view!
No target in view!
No target in view!
No target in view!
No target in view!
No target in view!
No target in view!
No target in view!
C - 2 scrolls of remove curse (gained 1)
Found a stone staircase leading down.
Key pressed, stopping explore.
There is a stone staircase leading down here.
Done exploring.
Done exploring.
Done exploring.
Done exploring.
Done exploring.
There is a stone staircase leading down here.
You climb downwards.
You hear the hiss of flowing sand.
There is an entrance to an ossuary on this level.
Hurry and find it before the portal is buried!
A quokka comes into view.
Found a stone staircase leading up.
There is a stone staircase leading up here.
As you read the scroll labeled SIDOSE CAXOEMOJU, it crumbles to dust.
You hear a loud clanging noise!
It was a scroll of noise.
You hear a shout! x2
The quokka barely misses you.
As you read the scroll labeled FOMALAATAA, it crumbles to dust.
The creatures around you are filled with an inner flame!
It was a scroll of immolation.
The quokka barely misses you.
Okay, then.
Unknown command.
The quokka barely misses you.
Found a scroll of teleportation.
There is a stone staircase leading up here.
Blink to where?
Are you sure you want to cancel this blink?
Okay, then.
As you read the scroll labeled DUUSET OSEMM, it crumbles to dust.
It was a scroll of blinking.
You block the quokka's attack.
The quokka bites you but does no damage.
As you read the scroll labeled SEPADI KOGUWEA, it crumbles to dust.
It is a scroll of amnesia.
You feel forgetful for a moment.
The quokka bites you but does no damage.
As you read the scroll labeled PIUQEABBISM, it crumbles to dust.
The scroll dissolves into smoke.
It was a scroll of fog.
The quokka bites you but does no damage.
The quokka bites you but does no damage.
The quokka bites you but does no damage.
The quokka bites you but does no damage.
The quokka barely misses you.
The quokka bites you but does no damage.
The quokka bites you but does no damage.
The quokka bites you but does no damage.
The quokka barely misses you. You block the quokka's attack.
The quokka twitches its whiskers.
The quokka bites you but does no damage.
The quokka barely misses you. You block the quokka's attack.
You block the quokka's attack.
The quokka bites you but does no damage.
The quokka completely misses you. You block the quokka's attack.
You block the quokka's attack.
You miss the quokka. The quokka completely misses you.
You barely miss the quokka.
The quokka bites you but does no damage.
You hit the quokka.
The quokka bites you but does no damage.
You closely miss the quokka. The quokka bites you.
You take 1 damage, and have 71/72 hp.
You closely miss the quokka.
The quokka bites you but does no damage.
Tidbits's ghost (novice Gnoll Earth Elementalist) comes into view.
The quokka bites you but does no damage.
Tidbits's ghost casts a spell at you. The blast of sand hits you!
You block the quokka's attack.
Health restored: 72 The quokka barely misses you.
There is a stone staircase leading up here.
You closely miss the quokka. The quokka barely misses you.
You puncture the quokka!
The quokka explodes!
The fiery explosion engulfs you!
The fiery explosion engulfs tidbits's ghost.
Kikubaaqudgha accepts your kill.
You are engulfed in blazing flames.
* * * LOW HITPOINT WARNING * * *
Tidbits's ghost says, "All of the earth is under my command."
Tidbits's ghost points at you and mumbles some strange words.
The blast of sand hits you!
You take 65 damage, and have 7/72 hp.
MASSIVE DAMAGE!!
You are engulfed in blazing flames.
You die...
Kikubaaqudgha rasps: "You have failed me!
Welcome... death!"

.W .## ..
?#
#####§##
#.@W.§§##
#..§§§..#
#.§§§§.##
##.##§##
#.# ##
#.# #.#
#.


You could see tidbits's ghost.

Notes
Turn   | Place    | Note
-------+----------+-------------------------------------------
     0 | D:1      | theanonym the Demonspawn Fighter began the quest for the Orb.
     0 | D:1      | Reached XP level 1. HP: 18/18 MP: 1/1
    52 | D:1      | Reached skill level 2 in Polearms
   135 | D:1      | Gained mutation: You are slightly more attuned to the shadows. [demonic ancestry]
   135 | D:1      | Reached XP level 2. HP: 21/24 MP: 2/2
   823 | D:2      | Reached XP level 3. HP: 29/29 MP: 3/3
   826 | D:2      | Reached skill level 3 in Polearms
  1406 | D:2      | Gained mutation: You are partially covered in thin metallic scales. (AC +2) [demonic ancestry]
  1406 | D:2      | Reached XP level 4. HP: 37/37 MP: 4/4
  1499 | D:2      | Found a hazy altar of Hepliaklqana.
  2271 | D:3      | Found a radiant altar of Vehumet.
  2334 | D:3      | Reached skill level 4 in Fighting
  2388 | D:3      | HP: 18/37 [orc wizard/puff of flame (10)]
  2393 | D:3      | HP: 12/37 [something/magic dart (2)]
  2401 | D:3      | HP: 17/37 [something/puff of flame (7)]
  2406 | D:3      | HP: 17/37 [orc/short sword (1)]
  2414 | D:3      | HP: 15/37 [something (3)]
  2415 | D:3      | Reached skill level 4 in Polearms
  2415 | D:3      | Gained mutation: You have a pair of small antennae on your head. [demonic ancestry]
  2415 | D:3      | Reached XP level 5. HP: 17/42 MP: 5/5
  2423 | D:3      | HP: 17/42 [orc/trident (1)]
  2774 | D:3      | Found a basalt altar of Yredelemnul.
  3021 | D:3      | Noticed esteth's ghost (amateur DsAK)
  3049 | D:3      | HP: 17/42 [esteth's ghost (7)]
  3065 | D:3      | HP: 17/42 [esteth's ghost (2)]
  4003 | D:4      | HP: 21/43 [poisoned by a worker ant]
  4010 | D:4      | HP: 20/43 [poisoned by a worker ant]
  4018 | D:4      | HP: 19/43 [poisoned by a worker ant]
  4537 | D:4      | Reached XP level 6. HP: 49/49 MP: 6/6
  4642 | D:4      | Found a sacrificial altar of Ru.
  4649 | D:4      | Reached skill level 5 in Polearms
  4806 | D:4      | Found a sparkling altar of Nemelex Xobeh.
  4806 | D:4      | Found a sacrificial altar of Ru.
  4935 | D:4      | Found a snail-covered altar of Cheibriados.
  4976 | D:4      | Found a staircase to the Ecumenical Temple.
  4982 | Temple   | Entered the Ecumenical Temple
  5006 | Temple   | Became a worshipper of Kikubaaqudgha
  5096 | D:4      | HP: 25/50 [poisoned by a worker ant]
  5104 | D:4      | HP: 24/50 [poisoned by a worker ant]
  5111 | D:3      | HP: 22/50 [gnoll (2)]
  5118 | D:3      | HP: 20/50 [gnoll (3)]
  5402 | D:5      | Entered Level 5 of the Dungeon
  5449 | D:5      | HP: 24/50 [poisoned by a worker ant]
  5454 | D:5      | HP: 17/50 [poisoned by a worker ant]
  5457 | D:5      | Found a shattered altar of Ashenzari.
  5459 | D:5      | HP: 8/50 [poisoned by a worker ant]
  5464 | D:5      | HP: 5/50 [poisoned by a worker ant]
  5469 | D:5      | HP: 4/50 [poisoned by a worker ant]
  5474 | D:5      | HP: 3/50 [poisoned by a worker ant]
  5482 | D:5      | HP: 2/50 [poisoned by a worker ant]
  5925 | D:5      | Reached skill level 5 in Fighting
  5940 | D:5      | HP: 24/51 [orc priest/divine providence (14)]
  6173 | D:5      | Found a shimmering altar of Xom.
  6290 | D:5      | Reached XP level 7. HP: 48/56 MP: 7/7
  6290 | D:5      | HP: 25/56 [ogre/giant club (23)]
  6467 | D:5      | Noticed Blork the orc
  6483 | D:4      | HP: 23/56 [orc warrior/war axe (11)]
  6496 | D:4      | HP: 17/56 [orc warrior/war axe (8)]
  6499 | D:4      | Reached skill level 6 in Polearms
  7155 | D:4      | HP: 24/57 [orc priest/divine providence (12)]
  7157 | D:4      | HP: 8/57 [orc priest/divine providence (11)]
  7166 | D:4      | HP: 20/57 [orc priest/divine providence (12)]
  7632 | D:5      | Reached skill level 6 in Fighting
  7632 | D:5      | Reached skill level 7 in Polearms
  7861 | D:5      | Gained mutation: You have a pair of antennae on your head. [demonic ancestry]
  7861 | D:5      | Reached XP level 8. HP: 44/64 MP: 8/8
  7915 | D:5      | Killed Blork the orc
  8646 | D:6      | Reached * piety under Kikubaaqudgha
  8646 | D:6      | Identified Kikubaaqudgha's Incunabulum of Dark Arts {god gift} (Kikubaaqudgha gifted it to you on level 6 of the Dungeon)
  8646 | D:6      | Received a gift from Kikubaaqudgha
  8666 | D:6      | Reached skill level 8 in Polearms
  8928 | D:5      | HP: 22/65 [orc warrior/battleaxe (14)]
  9254 | D:6      | Reached skill level 7 in Fighting
  9745 | D:6      | Reached skill level 9 in Polearms
  9764 | D:6      | Reached XP level 9. HP: 52/72 MP: 9/9
  9994 | D:6      | HP: 30/72 [orc warrior/enchanted hand axe (12)]
 10383 | D:7      | Noticed tidbits's ghost (novice GnEE)
 10386 | D:7      | HP: 7/72 [cloud of flame (31)]
 10387 | D:7      | Engulfed by a cloud of flame

Vanquished Creatures
  An ice beast (D:6)
  2 orc warriors
  3 phantoms
  3 ogres
  Blork the orc (D:5)
  A wyvern skeleton (D:6)
  A scorpion (D:4)
  5 wights (D:6)
  3 crimson imps
  A jelly (D:4)
  A hound (D:6)
  6 orc priests
  2 centaur skeletons
  An iguana (D:6)
  2 orc wizards
  5 worker ants
  2 hound zombies (D:6)
  A worker ant zombie (D:5)
  13 gnolls
  2 howler monkey skeletons (D:5)
  10 adders
  A shadow imp (D:4)
  An ooze (D:4)
  4 worms
  6 dart slugs
  A leopard gecko (D:3)
  23 orcs
  3 giant cockroaches
  8 goblins
  7 hobgoblins
  5 jackals (D:4)
  A quokka (D:7)
  14 bats
  5 frilled lizards
  A jackal skeleton (D:6)
  7 kobolds
  2 quokka skeletons (D:4)
  5 rats
  A spectral orc (D:3)
161 creatures vanquished.

Table legend:
 A = Turns spent in this place as a percentage of turns spent in the entire game.
 B = Non-inter-level travel turns spent in this place as a percentage of non-inter-level travel turns spent in the entire game.
 C = Inter-level travel turns spent in this place as a percentage of turns spent in this place.
 D = Turns resting spent in this place as a percentage of non-inter-level travel turns spent in this place.
 E = Turns spent auto-exploring this place as a percentage of non-inter-level travel turns spent in this place.
 F = Non-inter-level travel turns spent in this place divided by the number of levels of this place that you've seen.
                   A       B       C       D       E      F
               +-------+-------+-------+-------+-------+----------------------
         Total | 100.0 | 100.0 |   4.7 |  38.5 |  43.0 | 1237.0
       Dungeon |  99.6 |  99.7 |   4.6 |  38.6 |  43.0 | 1410.0
        Temple |   0.4 |   0.3 |  31.6 |   0.0 |  65.4 |  26.0
               +-------+-------+-------+-------+-------+----------------------
